 Dungeon Crawl Stone Soup version 0.31-a0-986-g5e6e4ef867 (webtiles) character file.

Game seed: 12352661612160386955

2046450 Forgeling the Crack Shot (level 27, 242/242 HPs)
             Began as a Gnoll Reaver on Nov 21, 2023.
             Was the Champion of Ashenzari.
             Escaped with the Orb
             ... and 4 runes on Nov 22, 2023!
             The game lasted 04:22:03 (90255 turns).

Forgeling the Crack Shot (Gnoll Reaver)            Turns: 90255, Time: 04:22:04

Health: 242/242    AC: 41    Str: 21      XL:     27
Magic:  52/52      EV: 21    Int: 21 (23) God:    Ashenzari [******]
Gold:   11682      SH: 22    Dex: 14      Spells: 8/77 levels left

rFire   + . .        a - +9 broad axe "Circumscribed Gnosis" {heavy, Dev, Comp} (curse)
rCold   + . .        j - +0 kite shield of Ashenzari's Secrets {AC+3, Self, Bglg} (curse)
rNeg    . . .        A - +10 scale mail of the Circumscribed Seer {Str+2, Dev, Elem} (curse)
rPois   .            k - +2 helmet of Cremastomancy {Dev, Self} (curse)
rElec   +            l - +4 dragonskin cloak {Fort, Cun} (curse)
rCorr   .            n - +1 pair of gloves of Panopticon {hurl, Dev, Fort} (curse)
SInv    +            p - +1 pair of boots "Bound Sybil" {rampage, Self, Dev} (curse)
Will    +++..        s - amulet of Ashenzari's Shame {Reflect SH+5, Bglg, Cun} (curse)
Stlth   +++          x - ring of the Perceptive Sorrow {+Blink Fly rElec rF+ Will+, Elem, Cun} (curse)
HPRegen 0.60/turn    o - ring of Ashenzari's Irritation {rElec rC+ Str+7, Fort, Self} (curse)
MPRegen 0.33/turn

%: reflection, clarity, rampage
@: flying, studying 3 skills
A: fangs 1, strong nose, distributed training, screaming 1
0: Orb of Zot
}: 4/15 runes: decaying, slimy, silver, gossamer
a: Renounce Religion, Evoke Blink, Shatter the Chains


You escaped.
You worshipped Ashenzari.
Ashenzari was exalted by your worship.
You visited 11 branches of the dungeon, and saw 53 of its levels.
You also visited: Sewer, Ice Cave, Volcano and Wizlab.

You collected 11682 gold pieces.

Inventory:

Hand Weapons
 a - the cursed +9 broad axe "Circumscribed Gnosis" (weapon) {heavy, Dev, Comp}
   (You took it off Urug on level 2 of the Lair of Beasts)

   It has a curse which improves the following skills: Devices: Evocations and
   Shapeshifting.
   Companions: Summonings and Necromancy.
Missiles
 t - 4 silver javelins
 u - 3 throwing nets
 w - 20 javelins
 T - 12 curare-tipped darts
Armour
 j - the cursed +0 kite shield of Ashenzari's Secrets (worn) {AC+3, Self, Bglg}
   (You took it off a vault guard on level 3 of the Vaults)

   It has a curse which improves the following skills: Introspection: Fighting
   and Spellcasting.
   Beguiling: Conjurations, Hexes and Translocations.
 k - the cursed +2 helmet of Cremastomancy (worn) {Dev, Self}
   (You found it on level 3 of the Lair of Beasts)

   It has a curse which improves the following skills: Devices: Evocations and
   Shapeshifting.
   Introspection: Fighting and Spellcasting.
 l - the cursed +4 dragonskin cloak (worn) {Fort, Cun}
   (You took it off Tiamat on level 1 of the Realm of Zot)

   Avatar's Aegis: It grants the wearer a chance to resist fire, cold, poison,
   electricity, acid, and negative energy.
   It has a curse which improves the following skills: Fortitude: Armour and
   Shields.
   Cunning:   Dodging and Stealth.
 n - the cursed +1 pair of gloves of Panopticon (worn) {hurl, Dev, Fort}
   (You found it on level 4 of the Spider Nest)

   It has a curse which improves the following skills: Devices: Evocations and
   Shapeshifting.
   Fortitude: Armour and Shields.
 p - the cursed +1 pair of boots "Bound Sybil" (worn) {rampage, Self, Dev}
   (You found it in an ice cave)

   It has a curse which improves the following skills: Introspection: Fighting
   and Spellcasting.
   Devices:   Evocations and Shapeshifting.
 A - the cursed +10 scale mail of the Circumscribed Seer (worn) {Str+2, Dev, Elem}
   (You took it off a rakshasa on level 2 of the Depths)

   Str+2:     It affects your strength (+2).
   It has a curse which improves the following skills: Devices: Evocations and
   Shapeshifting.
   Elements:  Fire Magic, Ice Magic, Air Magic and Earth Magic.
Jewellery
 o - the cursed ring of Ashenzari's Irritation (right hand) {rElec rC+ Str+7, Fort, Self}
   (You found it on level 3 of the Dungeon)

   [ring of protection from cold]

   Str+7:     It affects your strength (+7).
   rC+:       It protects you from cold.
   rElec:     It insulates you from electricity.
   It has a curse which improves the following skills: Fortitude: Armour and
   Shields.
   Introspection: Fighting and Spellcasting.
 s - the cursed amulet of Ashenzari's Shame (around neck) {Reflect SH+5, Bglg, Cun}
   (You found it on level 4 of the Dungeon)

   [amulet of reflection]

   Reflect:   It reflects blocked missile attacks.
   SH+5:      It affects your SH (+5).
   It has a curse which improves the following skills: Beguiling: Conjurations,
   Hexes and Translocations.
   Cunning:   Dodging and Stealth.
 x - the cursed ring of the Perceptive Sorrow (left hand) {+Blink Fly rElec rF+ Will+, Elem, Cun}
   (You found it in a wizard's laboratory)

   [ring of flight]

   rF+:       It protects you from fire.
   rElec:     It insulates you from electricity.
   Will+:     It increases your willpower.
   Fly:       It grants you flight.
   +Blink:    It lets you blink.
   It has a curse which improves the following skills: Elements: Fire Magic, Ice
   Magic, Air Magic and Earth Magic.
   Cunning:   Dodging and Stealth.
 z - the ring "Wucsioman" {rPois Str+6 Int+2}
   (You took it off a deep elf sorcerer on level 3 of the Elven Halls)

   [ring of poison resistance]

   Str+6:     It affects your strength (+6).
   Int+2:     It affects your intelligence (+2).
   rPois:     It protects you from poison
 I - the ring "Wuja" {rF+ rCorr Int+6}
   (You took it off a deep elf sorcerer on level 3 of the Elven Halls)

   [ring of intelligence]

   Int+6:     It affects your intelligence (+6).
   rF+:       It protects you from fire.
   rCorr:     It protects you from acid and corrosion.
 L - the ring of Nobility {rCorr Str+4 SInv}
   (You found it on level 5 of the Pits of Slime)

   [ring of resist corrosion]

   Str+4:     It affects your strength (+4).
   SInv:      It lets you see invisible.
   rCorr:     It protects you from acid and corrosion.
 Z - the ring of Music {Drain rPois rN+++ Int-2 SInv}
   (You found it on level 5 of the Pits of Slime)

   [ring of see invisible]

   Int-2:     It affects your intelligence (-2).
   rPois:     It protects you from poison rN+++: It renders you almost immune to
   negative energy.
   SInv:      It lets you see invisible.
   Drain:     It drains your maximum health when unequipped.
Wands
 d - a wand of digging (20)
 e - a wand of paralysis (57)
 h - a wand of light (23)
 i - a wand of iceblast (53)
 y - a wand of mindburst (22)
Scrolls
 b - 2 scrolls of enchant armour
 D - 2 scrolls of blinking
 E - 9 scrolls of fear
 F - 15 scrolls of fog
 K - 7 scrolls of immolation
 P - 9 scrolls of poison
 S - 2 scrolls of summoning
 V - 9 scrolls of vulnerability
 X - 3 scrolls of revelation {@r4}
 Y - 24 scrolls of teleportation {@r3}
Potions
 f - 17 potions of enlightenment
 B - 7 potions of brilliance
 C - 4 potions of cancellation
 G - 12 potions of ambrosia
 H - 2 potions of haste
 J - 11 potions of curing {@q1}
 M - 9 potions of might
 N - 3 potions of heal wounds {@q2}
 Q - 11 potions of magic
 R - a potion of resistance
 U - a potion of mutation
Miscellaneous
 g - a condenser vane
 m - a phantom mirror
 r - a phial of floods
 v - a lightning rod (4/4)
 O - a sack of spiders


   Skills:
 + Level 20.1(25.4) Fighting
 + Level 20.5 Short Blades
 + Level 21.8 Long Blades
 + Level 19.7 Axes
 + Level 19.7 Maces & Flails
 + Level 19.7 Polearms
 + Level 19.7 Staves
 + Level 23.4 Ranged Weapons
 + Level 19.7 Throwing
 + Level 19.7(24.1) Armour
 + Level 20.1(24.5) Dodging
 + Level 19.7(24.1) Stealth
 + Level 19.7(24.1) Shields
 + Level 19.7 Unarmed Combat
 + Level 20.2(25.5) Spellcasting
 + Level 17.6(21.0) Conjurations
 + Level 16.8(20.2) Hexes
 + Level 16.8(19.1) Summonings
 + Level 16.8(19.1) Necromancy
 + Level 16.8(20.2) Translocations
 + Level 16.8 Transmutations
 + Level 16.8(20.2) Fire Magic
 + Level 16.8(20.2) Ice Magic
 + Level 16.8(20.2) Air Magic
 + Level 16.8(20.2) Earth Magic
 + Level 16.8 Poison Magic
 + Level 22.0 Invocations
 + Level 19.7(26.0) Evocations
 + Level 18.2(24.6) Shapeshifting


You had 8 spell levels left.
You knew the following spells:

 Your Spells              Type           Power      Damage    Failure   Level
c - Eringya's Noxious Bo  Tmut/Pois      39%        4d6       1%          6
d - Malign Gateway        Summ/Tloc      41%        N/A       1%          7
e - Disjunction           Tloc           42%        N/A       3%          8
h - Haunt                 Necr/Summ      41%        N/A       1%          7
i - Ignition              Fire           42%        3d12      3%          8
k - Momentum Strike       Conj/Tloc      100%       3d10      0%          2
l - Summon Lightning Spi  Summ/Air       83%        N/A       0%          4
o - Summon Forest         Summ/Tloc      41%        N/A       1%          5
u - Yara's Violent Unrav  Hex/Tmut       40%        3d16      1%          5
v - Starburst             Conj/Fire      42%        6d12      1%          6
x - Plasma Beam           Fire/Air       42%        2x1d56    1%          6
y - Irradiate             Conj/Tmut      41%        3d25      1%          5

Your spell library contained the following spells:

 Spells                   Type           Power      Damage    Failure   Level
 Apportation              Tloc           100%       N/A       0%          1
 Foxfire                  Conj/Fire      100%       2x1d9     0%          1
 Kiss of Death            Conj/Necr      100%       2d13      0%          1
 Magic Dart               Conj           100%       1d8       0%          1
 Necrotise                Necr           100%       1d9       0%          1
 Sandblast                Erth           100%       2d20      0%          1
 Shock                    Conj/Air       100%       1d9       0%          1
 Sting                    Tmut/Pois      100%       1d8       0%          1
 Summon Small Mammal      Summ           100%       N/A       0%          1
 Blink                    Tloc           100%       N/A       0%          2
 Call Imp                 Summ           100%       N/A       0%          2
 Cigotuvi's Dreadful Rot  Necr/Pois/Air  100%       N/A       0%          2
 Ensorcelled Hibernation  Hex/Ice        100%       N/A       0%          2
 Jinxbite                 Hex            100%       N/A       0%          2
 Lesser Beckoning         Tloc           100%       N/A       0%          2
 Passwall                 Tmut/Erth      67%        N/A       0%          2
 Scorch                   Fire           100%       2d9       0%          2
 Searing Ray              Conj           100%       2d8       0%          2
 Static Discharge         Conj/Air       100%       3-8/arc   0%          2
 Wereblood                Tmut           78%        N/A       0%          2
 Call Canine Familiar     Summ           82%        N/A       0%          3
 Confusing Touch          Hex            84%        N/A       0%          3
 Dazzling Flash           Conj/Hex       100%       N/A       0%          3
 Hailstorm                Conj/Ice       85%        3d17      0%          3
 Ignite Poison            Fire/Tmut/Pois 80%        N/A       0%          3
 Inner Flame              Hex/Fire       84%        N/A       0%          3
 Mephitic Cloud           Conj/Pois/Air  83%        N/A       0%          3
 Sigil of Binding         Hex            84%        N/A       0%          3
 Stone Arrow              Conj/Erth      100%       3d13      0%          3
 Summon Guardian Golem    Hex/Summ       83%        N/A       0%          3
 Swiftness                Air            84%        N/A       0%          3
 Tukima's Dance           Hex            84%        N/A       0%          3
 Vampiric Draining        Necr           82%        2d11      0%          3
 Volatile Blastmotes      Fire/Tloc      100%       2d18      0%          3
 Airstrike                Air            42%        2d(6-22)  0%          4
 Anguish                  Hex/Necr       41%        N/A       0%          4
 Animate Armour           Summ/Erth      100%       N/A       0%          4
 Animate Dead             Necr           82%        N/A       0%          4
 Brom's Barrelling Bould  Conj/Erth      85%        2d10      0%          4
 Cause Fear               Hex            42%        N/A       0%          4
 Dimensional Bullseye     Hex/Tloc       42%        N/A       0%          4
 Dispel Undead            Necr           82%        3d27      0%          4
 Flame Wave               Conj/Fire      85%        2d18      0%          4
 Leda's Liquefaction      Hex/Erth       42%        N/A       0%          4
 Manifold Assault         Tloc           84%        N/A       0%          4
 Passage of Golubria      Tloc           84%        N/A       0%          4
 Petrify                  Tmut/Erth      81%        N/A       0%          4
 Sticky Flame             Conj/Fire      85%        2d10      0%          4
 Summon Ice Beast         Ice/Summ       83%        N/A       0%          4
 Vhi's Electric Charge    Tloc/Air       100%       N/A       0%          4
 Arcjolt                  Conj/Air       42%        1d52      0%          5
 Fireball                 Conj/Fire      42%        3d17      0%          5
 Lee's Rapid Deconstruct  Erth           42%        3d20*     0%          5
 Metabolic Englaciation   Hex/Ice        42%        N/A       0%          5
 Silence                  Hex/Air        42%        N/A       0%          5
 Agony                    Necr           82%        N/A       1%          5
 Alistair's Intoxication  Tmut/Pois      52%        N/A       1%          5
 Borgnjor's Vile Clutch   Necr/Erth      41%        N/A       1%          5
 Bombard                  Conj/Erth      42%        9d7       1%          6
 Death Channel            Necr           41%        N/A       1%          6
 Simulacrum               Ice/Necr       41%        N/A       1%          6
 Summon Cactus Giant      Summ           41%        N/A       1%          6
 Enfeeble                 Hex            42%        N/A       1%          7
 Monstrous Menagerie      Summ           41%        N/A       1%          7
 Orb of Destruction       Conj           43%        9d12      1%          7
 Spellforged Servitor     Conj/Summ      42%        N/A       1%          7
 Lehudib's Crystal Spear  Conj/Erth      42%        10d10     3%          8
 Infestation              Necr           41%        N/A       6%          8
 Summon Horrible Things   Summ           41%        N/A       6%          8
 Chain Lightning          Conj/Air       42%        3d56      45%         9
 Dragon's Call            Summ           41%        N/A       67%         9


Dungeon Overview and Level Annotations

Branches:
Dungeon (15/15)            Temple (1/1) D:5            Lair (5/5) D:11
  Swamp (4/4) Lair:2       Spider (4/4) Lair:3        Slime (5/5) Lair:4
    Orc (2/2) D:12            Elf (3/3) Orc:2        Vaults (5/5) D:13
  Crypt (0/3) Vaults:3     Depths (4/4) D:15            Zot (5/5) Depths:4
  Sewer (visited)           IceCv (visited)         Volcano (visited)
 WizLab (visited)

Altars:
Ashenzari
Cheibriados
Dithmenos
Elyvilon
Fedhas
Gozag
Hepliaklqana
Kikubaaqudgha
Makhleb
Nemelex Xobeh
Okawaru
Qazlal
Ru
Sif Muna
Trog
Uskayaw
Vehumet
Wu Jian
Xom
Yredelemnul
Zin
The Shining One
Jiyva

Shops:
D:13 *   Orc:2 (=*[   Elf:3 *(   Vaults:1 *   Vaults:2 !?(=   Vaults:3 [
Vaults:4 =

Portals:
Hell: Depths:1 Depths:2 Depths:3 Depths:4
Abyss: Depths:2 Depths:3
Pandemonium: Depths:1 Depths:2 Depths:3 Depths:4
Ziggurat: Depths:2


Innate Abilities, Weirdness & Mutations

You have very sharp teeth.
Your uncanny sense of smell can sniff out nearby items.
Your experience applies equally to all skills.
You occasionally shout uncontrollably at your foes.


Message History

You open the reaper like a pillowcase!!!
The reaper is almost dead.
You slice the reaper!!
You kill the reaper!
No target in view!
No target in view!
What level of the Dungeon? (default 1, ? - help)
There is a stone staircase leading up here.
You fly upwards.
There is a stone staircase leading down here.
There is a stone staircase leading up here.
You fly upwards.
There is a stone staircase leading down here.
There is a stone staircase leading up here.
You fly upwards.
There is a stone staircase leading down here.
An Uwimaiq, an orange demon, a balrug and a Hell Sentinel come into view.
The balrug is wielding a +2 demon whip of venom.
The orange demon screeches!
The balrug shouts!
The Hell Sentinel roars!
The balrug gestures at you. Something smites you!
Blink to where?
Press: ? - help, Dir - move target
As you read the scroll of blinking, it crumbles to dust.
You fly upwards.
There is a stone staircase leading down here.
You see here a +0 helmet.
What level of the Dungeon? (default 1, ? - help) HP restored.
There is a stone staircase leading up here.
You fly upwards.
There is a stone staircase leading down here.
Aiming: Dig
Press: ? - help, Shift-Dir - straight line A rock wall.
This square is covered in magical glow.
The rock shatters into small pieces.
There is a staircase leading out of the dungeon here.
There is a staircase leading out of the dungeon here.
You have escaped!

.#.#.>...####.......#
....##.##.##.......## ######
.#.....##..#..###### #.....
.##.......#...###### #.####
.......#####.......## ####.###
#####...#
##.......#####......## #...#
##.###..##..#.##.#.## #...#
###..#..###......#.#. #...#
##...@...##.##.####.#. #...#
#.......###....####.#.
#####...####..#..###
#.#.......#.
..........##..######
###.....###.
..........##.......###.......#
#.
..........###.......####.....#
## #####...###
######..####.....# #...#
######..##...##### #...#
##.......######


There were no monsters in sight!

Vanquished Creatures
  the Royal Jelly (Slime:5)
  4 dread liches
  Tiamat (Zot:1)
  An ancient lich (Zot:5)
  3 orbs of fire (Zot:5)
  the Lernaean hydra (Swamp:4)
  2 Killer Klowns (Zot:5)
  Bai Suzhen (Elf:3)
  Frederick (Vaults:3)
  Saint Roka (Depths:1)
  Nikola (Spider:3)
  9 golden dragons
  A profane servitor (D:9)
  Arachne (Spider:4)
  A Tzitzimitl (Zot:1)
  Jorgrun (Swamp:3)
  2 electric golems
  A hellephant (Depths:2)
  A moon troll (WizLab)
  2 liches
  17 Orb Guardians
  21 tentacled monstrosities
  A walking frostbound tome (Depths:2)
  6 titans
  2 deep elf blademasters
  6 quicksilver dragons
  5 sphinxes
  Agnes (Spider:2)
  16 acid blobs
  An Executioner (D:6)
  6 tentacled starspawn (WizLab)
  9 death cobs
  13 shadow dragons
  6 tengu reavers
  4 thorn hunters
  15 storm dragons
  A fenstrider witch (Swamp:3)
  Roxanne (D:14)
  9 draconian monks
  11 azure jellies
  The ghost of Midpoint the Convoker, an adept HuSu of the Shining One (Elf:1)
  14 deep elf sorcerers
  9 rockslimes
  2 revenants (Vaults:3)
  7 draconian knights
  8 fire giants
  2 deep elf elementalists (Elf:3)
  4 draconian scorchers
  13 frost giants
  3 emperor scorpions
  21 vault wardens
  An iron dragon (Depths:4)
  7 draconian shifters
  A balrug (Depths:1)
  7 ghost moths
  A cacodemon (WizLab)
  4 orc warlords
  A formless jellyfish (Vaults:2)
  2 broodmothers
  23 stone giants
  14 very ugly things
  A ghoul (Vaults:3)
  25 ironbound preservers
  2 caustic shrike skeletons (Depths:2)
  3 spriggan defenders (Depths:2)
  4 reapers
  5 draconian stormcallers (Zot:3)
  14 quicksilver oozes
  A draconian annihilator (Zot:3)
  11 green draconians
  The ghost of Ahar the Fighter, a journeyman HONe of Kikubaaqudgha (Lair:4)
  4 vampire knights
  12 ironbound thunderhulks
  3 deep elf demonologists
  9 eleionomae
  15 yellow draconians
  10 purple draconians
  A lorocyproca (Depths:4)
  A bunyip (shapeshifter) (Vaults:5)
  Azrael (D:13)
  10 deep elf annihilators (Elf:3)
  7 dire elephants
  4 bunyips
  6 black draconians
  10 spark wasps
  13 red draconians
  16 white draconians
  An eidolon (Vaults:4)
  2 green deaths (Depths:4)
  7 deep elf death magi
  8 ettins
  14 yaktaur captains
  6 fire dragons
  A merfolk impaler (Depths:3)
  5 entropy weavers
  5 rakshasas
  10 deep elf high priests
  2 caustic shrike simulacra (IceCv)
  7 ice dragons
  15 great orbs of eyes
  34 vault guards
  A shambling mangrove (Swamp:1)
  A sphinx zombie (Depths:2)
  A hell beast (Zot:5)
  3 spriggan air magi
  10 ironbound frosthearts
  2 ogre magi (Vaults:4)
  19 hydras
  A jorogumo (Spider:4)
  2 catoblepae
  10 centaur warriors
  6 radroaches
  4 boulder beetles
  13 alligators
  2 ghost crabs (Swamp:2)
  5 deep troll shamans
  4 two-headed ogres
  26 dancing weapons
  6 deep troll earth magi
  4 death yaks (Lair:1)
  4 tengu warriors
  9 demonic crawlers
  A vampire mage (Depths:2)
  A spriggan berserker (Depths:2)
  Urug (Lair:2)
  5 occultists
  6 hell hogs (Depths:2)
  8 orc high priests
  A shock serpent (Vaults:4)
  20 deep elf knights
  A fire crab (shapeshifter) (Elf:2)
  A soul eater (Depths:1)
  A shadow wraith (Vaults:5)
  29 hell knights
  A wretched star (WizLab)
  A sun moth (Spider:2)
  7 iron trolls
  A salamander mystic (Depths:4)
  A goliath frog (Swamp:1)
  5 spriggan druids
  6 pharaoh ants
  A sixfirhy (Depths:3)
  12 bog bodies
  77 deep trolls
  A flayed ghost (Depths:2)
  An orange crystal statue (WizLab)
  A glowing orange brain (shapeshifter) (Vaults:5)
  A tengu zombie (Depths:2)
  7 orc knights
  9 glowing orange brains
  9 steelbarb worms
  8 swamp dragons
  7 orb spiders
  A shadow demon (Depths:3)
  11 deep elf archers
  6 arcanists
  7 phantasmal warriors
  3 obsidian statues
  14 ironbound convokers
  17 lindwurms
  10 necromancers
  32 ugly things
  40 deep elf pyromancers
  34 deep elf zephyrmancers
  4 will-o-the-wisps
  A shining eye (shapeshifter) (D:15)
  3 orc sorcerers
  32 moths of wrath
  3 salamanders
  27 wolf spiders
  3 cyclopes
  2 manticores
  2 worldbinders (Vaults:4)
  A rust devil (Depths:4)
  22 vault sentinels
  8 torpor snails
  An ice statue (Spider:2)
  4 elephants
  Maurice (D:8)
  A naga mage (Vaults:4)
  7 eyes of devastation
  3 molten gargoyles
  2 smoke demons
  3 gargoyles
  Joseph (D:8)
  An unseen horror (D:12)
  2 orange demons (Depths:4)
  2 black mambas
  Maggie (Lair:2)
  36 yaktaurs
  A rime drake (Lair:5)
  8 cane toads
  8 freezing wraiths
  7 komodo dragons
  6 golden dragon simulacra (IceCv)
  An ice devil (Depths:3)
  A tormentor (Depths:3)
  4 tengu conjurers
  A yaktaur (shapeshifter) (Elf:1)
  3 meliai (D:15)
  A queen bee (Lair:3)
  8 trolls
  A merfolk (D:11)
  A tengu simulacrum (Depths:2)
  4 hellwings (D:13)
  4 polar bears
  7 tyrant leeches
  13 hornets
  A raiju (shapeshifter) (D:15)
  4 glass eyes
  2 raiju (Vaults:4)
  A dream sheep (shapeshifter) (Depths:2)
  25 tarantellas
  90 slime creatures
  7 blink frogs
  17 jumping spiders
  A ynoxinul (Depths:3)
  22 culicivoras
  A spriggan (shapeshifter) (Vaults:4)
  3 wraiths
  35 yaks
  3 air elementals
  A dire elephant simulacrum (IceCv)
  12 spriggans
  2 vampires
  5 wyverns
  A water elemental (Elf:3)
  4 basilisks
  13 humans (D:13)
  2 fire bats (Volcano)
  7 golden eyes
  A chaos spawn (Depths:3)
  Eustachio (D:4)
  47 redbacks
  2 redbacks (shapeshifter)
  5 fire elementals
  2 steam dragons
  10 vampire mosquitoes
  2 neqoxecs (WizLab)
  8 wargs
  2 minotaur simulacra (IceCv)
  Edmund (D:6)
  11 swamp worms
  9 water moccasins
  5 acid dragons
  8 hell hounds
  A hydra simulacrum (IceCv)
  A swamp worm (shapeshifter) (Depths:2)
  11 swamp drakes
  4 sky beasts
  3 ice beasts
  19 orc warriors
  5 black bears
  3 ettin simulacra (IceCv)
  5 boggarts
  7 ogres
  A black bear (shapeshifter) (D:14)
  17 wolves
  16 centaurs
  13 starcursed masses (WizLab)
  2 phantoms
  A nameless horror (Lair:3)
  5 kobold brigands
  14 bullfrogs
  A bullfrog (shapeshifter) (Depths:2)
  3 gnoll sergeants
  A deep troll simulacrum (IceCv)
  3 earth elementals
  3 scorpions
  5 wights
  19 killer bees
  2 electric eels
  3 howler monkeys
  2 lava snakes (Volcano)
  4 jellies
  17 orc priests
  3 hounds
  2 sleepcaps
  Jessica (D:3)
  2 iguanas
  Natasha (thrice) (D:4)
  4 lightning spires (Vaults:4)
  23 orc wizards
  Robin (D:3)
  18 gnolls
  10 adders
  7 river rats
  6 white imps
  3 worms (D:2)
  4 dart slugs
  74 orcs
  7 endoplasms
  4 giant cockroaches (D:4)
  20 goblins
  10 hobgoblins
  25 kobolds
  6 quokkas
  10 ball pythons
  4 bats
  8 frilled lizards
  11 rats
  7 starspawn tentacles (WizLab)
2266 creatures vanquished.

Vanquished Creatures (collateral kills)
  4 dread liches (Zot:5)
  3 orbs of fire
  A juggernaut (Depths:3)
  The ghost of Ygyeth Femmu the Hoplite, a veteran MiBe of Trog (Zot:3)
  The ghost of Ymesich the End of an Era, a veteran HOGl of Qazlal (Depths:4)
  A Killer Klown (Zot:5)
  A curse toe (Zot:5)
  A shard shrike (Zot:5)
  A golden dragon (Vaults:5)
  An electric golem (Zot:5)
  An Ice Fiend (Depths:4)
  Rupert (Lair:3)
  2 tentacled monstrosities
  Zenata (Elf:3)
  8 Orb Guardians (Zot:5)
  An acid blob (Slime:3)
  A quicksilver dragon (Zot:2)
  A tentacled starspawn (WizLab)
  2 shadow dragons
  A tengu reaver (Depths:3)
  A rockslime (Slime:3)
  A storm dragon (Zot:5)
  A deep elf sorcerer (Elf:3)
  A frost giant (Depths:4)
  A draconian shifter (Zot:1)
  A war gargoyle (WizLab)
  A very ugly thing (Depths:2)
  A quicksilver ooze (Slime:5)
  A draconian annihilator (Zot:1)
  2 stone giants
  A green draconian (Zot:5)
  2 black draconians
  A deep elf demonologist (Elf:3)
  3 red draconians
  A purple draconian (Zot:1)
  A deep elf annihilator (Elf:3)
  2 crystal guardians (WizLab)
  A fire dragon (Depths:4)
  Josephine (D:13)
  3 hydras
  An ice dragon (Depths:4)
  2 vault guards (D:13)
  A centaur warrior (D:12)
  A deep troll earth mage (Depths:1)
  A boulder beetle (D:12)
  2 deep troll shamans
  A tengu warrior (Depths:3)
  A death yak (Lair:1)
  2 orc high priests (Orc:2)
  2 occultists (D:11)
  A deep troll (Depths:4)
  2 spriggan druids (Swamp:4)
  A glowing orange brain (WizLab)
  A steelbarb worm (Spider:1)
  An arcanist (D:13)
  A phantasmal warrior (Depths:2)
  A lindwurm (Lair:5)
  A deep elf pyromancer (Elf:3)
  2 deep elf zephyrmancers (Elf:3)
  2 necromancers (D:13)
  2 orc knights (Orc:2)
  3 shining eyes
  3 manticores (D:13)
  4 elephants (Lair:4)
  2 moths of wrath
  An orc sorcerer (Orc:2)
  A salamander (Depths:4)
  3 ugly things
  3 black mambas (Lair:5)
  2 eyes of devastation (WizLab)
  A yaktaur (D:15)
  An efreet (D:15)
  2 komodo dragons (Lair:5)
  4 trolls
  A hellwing (Depths:4)
  5 polar bears
  3 hornets (Lair:5)
  A tyrant leech (Swamp:3)
  7 blink frogs
  A jumping spider (Spider:2)
  7 slime creatures
  A wyvern (Lair:4)
  5 yaks
  A culicivora (Spider:2)
  8 spriggans (Lair:5)
  A fire elemental (D:13)
  4 humans (D:13)
  2 wraiths
  A neqoxec (WizLab)
  A vampire mosquito (D:12)
  A swamp worm (Swamp:4)
  An acid dragon (D:12)
  A hell hound (D:13)
  A water moccasin (Lair:4)
  10 orc warriors
  3 boggarts (Lair:5)
  7 wolves (Lair:5)
  2 centaurs
  A bullfrog (Lair:4)
  9 killer bees (Lair:3)
  A lava snake (D:14)
  An orc priest (Orc:1)
  3 starcursed masses (WizLab)
  4 orc wizards
  10 orcs
  4 starspawn tentacles (WizLab)
228 creatures vanquished.

Vanquished Creatures (others)
  A sphinx (Vaults:5)
  37 eldritch tentacles
  2 draconian knights (Zot:3)
  A fire giant (Depths:4)
  A draconian scorcher (Zot:3)
  A rakshasa (D:15)
  An ogre mage (Vaults:4)
  A deep troll earth mage (Depths:2)
  A deep troll (Depths:4)
  2 deep elf pyromancers
  3 deep elf zephyrmancers
  A moth of wrath (Zot:2)
  2 bloated husks
  An air elemental (Elf:3)
  A water elemental (Depths:2)
  3 ball lightnings (Vaults:4)
  2 foxfires (Swamp:1)
  13 snaplasher vines
  A starspawn tentacle (WizLab)
75 creatures vanquished.

Grand Total: 2569 creatures vanquished

Notes
Turn   | Place    | Note
-------+----------+-------------------------------------------
     0 | D:1      | Forgeling the Gnoll Reaver began the quest for the Orb.
     0 | D:1      | Reached XP level 1. HP: 20/20 MP: 6/6
   285 | D:1      | Reached XP level 2. HP: 22/26 MP: 7/7
   348 | D:1      | Learned a level 2 spell: Momentum Strike
   613 | D:1      | Reached skill level 5 in Spellcasting
   613 | D:1      | Reached XP level 3. HP: 30/31 MP: 7/9
   878 | D:2      | Reached skill level 1 in Invocations
   914 | D:2      | Identified the +9 flail of Winter {flame, rF+ rN++ rCorr}
  1313 | D:2      | Reached skill level 1 in Long Blades
  1313 | D:2      | Reached skill level 1 in Axes
  1313 | D:2      | Reached skill level 1 in Maces & Flails
  1313 | D:2      | Reached skill level 1 in Polearms
  1313 | D:2      | Reached skill level 1 in Staves
  1313 | D:2      | Reached skill level 1 in Ranged Weapons
  1313 | D:2      | Reached skill level 1 in Throwing
  1313 | D:2      | Reached skill level 1 in Armour
  1313 | D:2      | Reached skill level 1 in Stealth
  1313 | D:2      | Reached skill level 1 in Shields
  1313 | D:2      | Reached skill level 1 in Unarmed Combat
  1313 | D:2      | Reached skill level 1 in Evocations
  1401 | D:2      | Reached XP level 4. HP: 17/28 MP: 11/11
  1407 | D:2      | Reached skill level 1 in Shapeshifting
  1662 | D:3      | Noticed Robin
  1762 | D:3      | Learned a level 3 spell: Hailstorm
  1914 | D:3      | Identified the +0 ring mail of Incorporation {*Corrode rF+
                  | SInv}
  1990 | D:3      | Noticed Jessica
  1995 | D:3      | Killed Jessica
  1996 | D:3      | Reached skill level 1 in Hexes
  1996 | D:3      | Reached skill level 1 in Summonings
  1996 | D:3      | Reached skill level 1 in Necromancy
  1996 | D:3      | Reached skill level 1 in Translocations
  1996 | D:3      | Reached skill level 1 in Transmutations
  1996 | D:3      | Reached skill level 1 in Fire Magic
  1996 | D:3      | Reached skill level 1 in Ice Magic
  1996 | D:3      | Reached skill level 1 in Air Magic
  1996 | D:3      | Reached skill level 1 in Earth Magic
  1996 | D:3      | Reached skill level 1 in Poison Magic
  2054 | D:3      | Killed Robin
  2066 | D:3      | Found a sparkling altar of Nemelex Xobeh.
  2097 | D:3      | Reached XP level 5. HP: 31/41 MP: 12/12
  2387 | D:3      | Identified the ring of Hadwil {rElec rC+ Str+7}
  2677 | D:4      | Noticed Natasha
  2682 | D:4      | Killed Natasha
  2763 | D:4      | Noticed Eustachio
  2765 | D:4      | Noticed Natasha
  2910 | D:4      | Found a hide-covered altar of Uskayaw.
  2917 | D:4      | Found a shimmering altar of Xom.
  2923 | D:4      | Found a hazy altar of Hepliaklqana.
  2930 | D:4      | Found a stormy altar of Qazlal.
  2934 | D:4      | Found a glowing silver altar of Zin.
  2940 | D:4      | Found a bloodstained altar of Trog.
  2943 | D:4      | Found a white marble altar of Elyvilon.
  3005 | D:4      | Killed Natasha
  3026 | D:4      | Reached XP level 6. HP: 50/50 MP: 10/14
  3036 | D:4      | Reached skill level 5 in Fighting
  3036 | D:4      | Reached skill level 2 in Ranged Weapons
  3036 | D:4      | Reached skill level 5 in Dodging
  3169 | D:4      | Found a glowing drain.
  3183 | Sewer    | Entered a sewer
  3294 | Sewer    | Reached XP level 7. HP: 56/56 MP: 15/15
  3631 | D:4      | Killed Eustachio
  3789 | D:4      | Noticed Natasha
  3797 | D:4      | Killed Natasha
  3867 | D:5      | Entered Level 5 of the Dungeon
  4239 | D:5      | Reached XP level 8. HP: 43/55 MP: 16/16
  4307 | D:5      | Found a staircase to the Ecumenical Temple.
  4324 | D:5      | Reached skill level 3 in Ranged Weapons
  4327 | Temple   | Entered the Ecumenical Temple
  4336 | Temple   | Became a worshipper of Ashenzari the Shackled
  4833 | D:6      | Found a shadowy altar of Dithmenos.
  5312 | D:6      | Found a sacrificial altar of Ru.
  5420 | D:6      | Reached XP level 9. HP: 69/69 MP: 18/18
  5424 | D:6      | Noticed Edmund
  5445 | D:6      | Killed Edmund
  5446 | D:6      | Reached skill level 4 in Ranged Weapons
  5533 | D:6      | Reached * piety under Ashenzari
  5625 | D:6      | Found an opulent altar of Gozag.
  6281 | D:7      | Reached skill level 5 in Invocations
  6689 | D:7      | Reached ** piety under Ashenzari
  6864 | D:8      | Reached XP level 10. HP: 60/80 MP: 22/22
  6972 | D:8      | Reached skill level 5 in Long Blades
  6972 | D:8      | Reached skill level 5 in Axes
  6972 | D:8      | Reached skill level 5 in Maces & Flails
  6972 | D:8      | Reached skill level 5 in Polearms
  6972 | D:8      | Reached skill level 5 in Staves
  6972 | D:8      | Reached skill level 5 in Ranged Weapons
  6972 | D:8      | Reached skill level 5 in Throwing
  6972 | D:8      | Reached skill level 5 in Armour
  6972 | D:8      | Reached skill level 5 in Stealth
  6972 | D:8      | Reached skill level 5 in Shields
  6972 | D:8      | Reached skill level 5 in Unarmed Combat
  6972 | D:8      | Reached skill level 5 in Evocations
  7180 | D:8      | Found a glowing golden altar of the Shining One.
  7250 | D:8      | Noticed Joseph
  7366 | D:8      | Found a blossoming altar of Fedhas.
  7384 | D:8      | Noticed Maurice
  7392 | D:8      | Maurice stole 8 boomerangs
  7396 | D:8      | Killed Maurice
  7400 | D:8      | Identified the +1 chain mail "Oryihal" {Int+5}
  8263 | D:9      | Reached skill level 5 in Shapeshifting
  8317 | D:9      | Reached *** piety under Ashenzari
  8659 | D:9      | Identified the +6 quarterstaff "Dihoeh" {flame, rPois}
  8715 | D:9      | Found an iron altar of Okawaru.
  9276 | D:10     | Entered Level 10 of the Dungeon
  9417 | D:10     | Noticed a two-headed ogre
  9429 | D:10     | Killed a two-headed ogre
  9430 | D:10     | Reached skill level 6 in Ranged Weapons
  9430 | D:10     | Reached skill level 5 in Hexes
  9430 | D:10     | Reached skill level 5 in Summonings
  9430 | D:10     | Reached skill level 5 in Necromancy
  9430 | D:10     | Reached skill level 5 in Translocations
  9430 | D:10     | Reached skill level 5 in Transmutations
  9430 | D:10     | Reached skill level 5 in Fire Magic
  9430 | D:10     | Reached skill level 5 in Ice Magic
  9430 | D:10     | Reached skill level 5 in Air Magic
  9430 | D:10     | Reached skill level 5 in Earth Magic
  9430 | D:10     | Reached skill level 5 in Poison Magic
  9430 | D:10     | Reached XP level 11. HP: 54/89 MP: 21/24
  9663 | D:10     | Noticed a two-headed ogre
  9678 | D:10     | Killed a two-headed ogre
 10248 | D:10     | Found the Hermit's Pendant {Faith Invo=14 Evo=0 MP+5}
 10464 | D:11     | Identified the "Gesmul"
 10464 | D:11     | Identified the "Roica"
 10906 | D:11     | Found a staircase to the Lair.
 11960 | D:11     | Reached **** piety under Ashenzari
 12007 | D:11     | Noticed a deep elf pyromancer
 12030 | D:11     | Killed a deep elf pyromancer
 12184 | D:11     | Noticed a deep elf pyromancer
 12231 | D:11     | Killed a deep elf pyromancer
 12263 | D:11     | Noticed a two-headed ogre
 12292 | D:11     | Killed a two-headed ogre
 12293 | D:11     | Reached skill level 7 in Ranged Weapons
 12293 | D:11     | Reached XP level 12. HP: 84/94 MP: 26/26
 12576 | D:11     | Found a sparkling altar of Nemelex Xobeh.
 12696 | D:11     | Noticed an occultist
 12696 | D:11     | Noticed an occultist
 12702 | D:11     | Killed an occultist
 12704 | D:11     | Killed an occultist
 12719 | D:11     | Learned a level 4 spell: Cause Fear
 12724 | D:11     | Learned a level 4 spell: Summon Lightning Spire
 12843 | D:8      | Killed Joseph
 12981 | Lair:1   | Entered Level 1 of the Lair of Beasts
 13210 | Lair:1   | Noticed a death yak
 13210 | Lair:1   | Noticed a death yak
 13210 | Lair:1   | Noticed a death yak
 13210 | Lair:1   | Noticed a death yak
 13210 | Lair:1   | Noticed a death yak
 13265 | Lair:1   | Killed a death yak
 13273 | Lair:1   | Killed a death yak
 13274 | Lair:1   | Reached skill level 10 in Short Blades
 13285 | Lair:1   | Killed a death yak
 13287 | Lair:1   | Killed a death yak
 13299 | Lair:1   | Killed a death yak
 13415 | Lair:1   | Found a dark tunnel.
 13423 | Volcano  | Entered a volcano
 13571 | Volcano  | Found a radiant altar of Vehumet.
 13571 | Volcano  | Noticed a centaur warrior
 13581 | Volcano  | Killed a centaur warrior
 13667 | Volcano  | Noticed a red draconian
 13673 | Volcano  | Killed a red draconian
 14197 | Lair:1   | Noticed a boulder beetle
 14209 | Lair:1   | Killed a boulder beetle
 14312 | Lair:1   | Reached skill level 8 in Ranged Weapons
 14312 | Lair:1   | Reached XP level 13. HP: 45/105 MP: 21/28
 14872 | Lair:1   | Identified the +3 glaive of Viny Optimality {speed, rPois
                  | SInv}
 15181 | Lair:2   | Identified the "Kuufoel"
 15628 | Lair:2   | Noticed Maggie
 15732 | Lair:2   | Killed Maggie
 15798 | Lair:2   | Noticed an eleionoma
 15813 | Lair:2   | Killed an eleionoma
 15984 | Lair:2   | Noticed Urug
 16145 | Lair:2   | Killed Urug
 16346 | Lair:2   | Found a staircase to the Swamp.
 16536 | Lair:2   | Reached skill level 10 in Spellcasting
 17056 | Lair:2   | Learned a level 5 spell: Summon Forest
 17178 | Lair:3   | Found a hole to the Spider Nest.
 17657 | Lair:3   | Noticed Rupert
 17689 | Lair:3   | Killed Rupert
 17690 | Lair:3   | Reached skill level 10 in Fighting
 17690 | Lair:3   | Reached skill level 10 in Dodging
 18093 | Lair:3   | Reached ***** piety under Ashenzari
 18692 | Lair:4   | Reached skill level 9 in Ranged Weapons
 18692 | Lair:4   | Reached XP level 14. HP: 102/116 MP: 21/31
 18855 | Lair:4   | Found a transporter.
 19016 | Lair:4   | Found a transporter.
 19017 | Lair:4   | Noticed Ahar's ghost (journeyman HONe)
 19613 | Lair:4   | Found a staircase to the Slime Pits.
 19613 | Lair:4   | Found a viscous altar of Jiyva.
 19822 | Lair:5   | Entered Level 5 of the Lair of Beasts
 19856 | Lair:5   | Reached skill level 10 in Invocations
 19922 | Lair:5   | Learned a level 6 spell: Plasma Beam
 21884 | D:12     | Found a staircase to the Orcish Mines.
 22361 | Orc:1    | Entered Level 1 of the Orcish Mines
 22430 | Orc:1    | Noticed Sonja
 22431 | Orc:1    | Sonja changed into Sonja the ice beast
 22431 | Orc:1    | Noticed Sonja
 22437 | Orc:1    | Killed Sonja the ice beast
 23264 | Orc:2    | Entered Level 2 of the Orcish Mines
 23264 | Orc:2    | Found a staircase to the Elven Halls.
 23276 | Orc:2    | Reached skill level 10 in Conjurations
 23291 | Orc:1    | Reached XP level 15. HP: 84/129 MP: 25/34
 23448 | Orc:2    | Found Liycigo's Antique Weapon Shop.
 23520 | Orc:2    | Found Estrytt's Antique Armour Shop.
 23610 | Orc:2    | Paralysed by an orc sorcerer for 3 turns
 23618 | Orc:2    | Reached skill level 10 in Long Blades
 23618 | Orc:2    | Reached skill level 10 in Axes
 23618 | Orc:2    | Reached skill level 10 in Maces & Flails
 23618 | Orc:2    | Reached skill level 10 in Polearms
 23618 | Orc:2    | Reached skill level 10 in Staves
 23618 | Orc:2    | Reached skill level 10 in Ranged Weapons
 23618 | Orc:2    | Reached skill level 10 in Throwing
 23618 | Orc:2    | Reached skill level 10 in Armour
 23618 | Orc:2    | Reached skill level 10 in Stealth
 23618 | Orc:2    | Reached skill level 10 in Shields
 23618 | Orc:2    | Reached skill level 10 in Unarmed Combat
 23618 | Orc:2    | Reached skill level 10 in Evocations
 23866 | Orc:2    | Noticed an orc warlord
 23892 | Orc:2    | Killed an orc warlord
 24160 | Orc:2    | Found Hefirras's General Store.
 24240 | Orc:2    | Found Faewni's Jewellery Emporium.
 25026 | D:13     | Found Lius's Assorted Antiques.
 25063 | D:13     | Noticed Azrael
 25071 | D:13     | Killed Azrael
 25692 | D:13     | Found a gate to the Vaults.
 26120 | D:13     | Noticed Josephine
 26135 | D:13     | Killed Josephine
 27620 | D:14     | Noticed Roxanne
 27727 | D:14     | Found a glowing golden altar of the Shining One.
 27730 | D:14     | Found a glowing silver altar of Zin.
 27731 | D:14     | Found a white marble altar of Elyvilon.
 27870 | D:15     | Entered Level 15 of the Dungeon
 27933 | D:14     | Reached XP level 16. HP: 96/137 MP: 14/35
 28941 | D:15     | Reached skill level 11 in Ranged Weapons
 28941 | D:15     | Reached skill level 10 in Shapeshifting
 28941 | D:15     | Reached XP level 17. HP: 144/144 MP: 37/37
 28942 | D:15     | Reached XP level 18. HP: 151/151 MP: 38/38
 29258 | D:15     | Identified the cursed +1 cloak of Ashenzari's Pleiades
                  | {rF+, Cun, Alch} (You found it in a volcano)
 29258 | D:15     | Identified the cursed +2 helmet of Cremastomancy {Dev,
                  | Self} (You found it on level 3 of the Lair of Beasts)
 29258 | D:15     | Identified the cursed +0 pair of boots "Restrained
                  | Affliction" {Cun, Elem} (You found it on level 8 of the
                  | Dungeon)
 29307 | D:15     | Noticed a shard shrike
 29308 | D:15     | a shard shrike changed into a juggernaut
 29308 | D:15     | Noticed a juggernaut (glowing shapeshifter)
 29315 | D:15     | Noticed a juggernaut
 29316 | D:15     | a juggernaut changed into a caustic shrike
 29316 | D:15     | Noticed a caustic shrike (glowing shapeshifter)
 29661 | Lair:4   | Killed Ahar's ghost
 29751 | Lair:4   | Learned a level 6 spell: Starburst
 29942 | Swamp:1  | Identified the of Ymueg
 29942 | Swamp:1  | Entered Level 1 of the Swamp
 30469 | Swamp:1  | Learned a level 3 spell: Stone Arrow
 31794 | Swamp:2  | Identified the +5 mace "Qyoseaxe" {freeze, Contam rF++
                  | Dex+3}
 33492 | Swamp:3  | Noticed Jorgrun
 33501 | Swamp:3  | Killed Jorgrun
 33687 | Swamp:3  | Reached skill level 10 in Hexes
 33687 | Swamp:3  | Reached skill level 10 in Summonings
 33687 | Swamp:3  | Reached skill level 10 in Necromancy
 33687 | Swamp:3  | Reached skill level 10 in Translocations
 33687 | Swamp:3  | Reached skill level 10 in Transmutations
 33687 | Swamp:3  | Reached skill level 10 in Fire Magic
 33687 | Swamp:3  | Reached skill level 10 in Ice Magic
 33687 | Swamp:3  | Reached skill level 10 in Air Magic
 33687 | Swamp:3  | Reached skill level 10 in Earth Magic
 33687 | Swamp:3  | Reached skill level 10 in Poison Magic
 34474 | Swamp:4  | Entered Level 4 of the Swamp
 34611 | Swamp:3  | Reached skill level 12 in Ranged Weapons
 35023 | Swamp:4  | Reached XP level 19. HP: 157/157 MP: 17/39
 35846 | Swamp:4  | Noticed the 27-headed Lernaean hydra
 36430 | Swamp:4  | Killed the 27-headed Lernaean hydra
 36490 | Swamp:4  | Got a decaying rune of Zot
 36889 | Spider:1 | Entered Level 1 of the Spider Nest
 37033 | Spider:1 | Learned a level 6 spell: Eringya's Noxious Bog
 38519 | Spider:2 | Noticed Agnes
 38526 | Spider:2 | Killed Agnes
 38551 | Spider:2 | Found a frozen archway.
 38927 | IceCv    | Entered an ice cave
 42354 | Spider:3 | Reached XP level 20. HP: 174/174 MP: 36/43
 43287 | Spider:4 | Entered Level 4 of the Spider Nest
 43293 | Spider:4 | Reached skill level 13 in Ranged Weapons
 43294 | Spider:4 | Noticed Nikola
 43810 | Spider:3 | Killed Nikola
 44764 | Spider:4 | Identified a scroll of acquirement
 44962 | Spider:4 | Acquired 852 gold pieces
 45030 | Spider:4 | Noticed Arachne
 45039 | Spider:4 | Killed Arachne
 46323 | Spider:4 | Got a gossamer rune of Zot
 47464 | D:15     | Found a staircase to the Depths.
 48761 | Vaults:1 | Entered Level 1 of the Vaults
 48778 | Vaults:1 | Found Vezeudd's Assorted Antiques.
 48911 | Vaults:1 | Noticed a golden dragon
 48929 | Vaults:1 | Killed a golden dragon
 49210 | Vaults:1 | Reached skill level 15 in Short Blades
 49591 | Vaults:1 | Reached XP level 21. HP: 139/180 MP: 15/44
 50265 | Vaults:1 | Reached skill level 15 in Invocations
 51672 | Vaults:2 | Reached skill level 14 in Ranged Weapons
 51693 | Vaults:2 | Found Kyguokk's Magic Scroll Emporium.
 51694 | Vaults:2 | Found Noerphet's Distillery.
 51721 | Vaults:2 | Reached ****** piety under Ashenzari
 51763 | Vaults:2 | Identified the +1 robe of the Tuna {*Slow rC+ Regen+ Dex+2}
 51763 | Vaults:2 | Identified the +1 shortbow of Suyddas {speed, rF+ rCorr
                  | Str+6 Int-3 Stlth-}
 52075 | Vaults:2 | Found Cigum's Weapon Shop.
 52591 | Vaults:2 | Reached skill level 15 in Spellcasting
 52898 | Vaults:2 | Found Marosahi's Jewellery Shop.
 53043 | Vaults:2 | Paralysed by a formless jellyfish for 1 turns
 53848 | Vaults:3 | Reached skill level 15 in Fighting
 53848 | Vaults:3 | Reached skill level 15 in Dodging
 53921 | Vaults:3 | Identified the +0 ring mail of the Red God {rC+}
 54273 | Vaults:3 | Found a staircase to the Crypt.
 54482 | Vaults:3 | Reached XP level 22. HP: 192/194 MP: 18/47
 55154 | Vaults:3 | Found Doku's Armour Shop.
 55172 | Vaults:3 | Noticed Frederick
 55184 | Vaults:3 | Killed Frederick
 55650 | Vaults:4 | Identified the of Noklin
 55650 | Vaults:4 | Identified the of Sotineq
 55650 | Vaults:4 | Identified the "Reroipy"
 56314 | Vaults:4 | Reached skill level 15 in Ranged Weapons
 56611 | Vaults:4 | Found Guustrea's Jewellery Emporium.
 57402 | Vaults:4 | Reached skill level 15 in Long Blades
 57402 | Vaults:4 | Reached skill level 15 in Axes
 57402 | Vaults:4 | Reached skill level 15 in Maces & Flails
 57402 | Vaults:4 | Reached skill level 15 in Polearms
 57402 | Vaults:4 | Reached skill level 15 in Staves
 57402 | Vaults:4 | Reached skill level 15 in Throwing
 57402 | Vaults:4 | Reached skill level 15 in Armour
 57402 | Vaults:4 | Reached skill level 15 in Stealth
 57402 | Vaults:4 | Reached skill level 15 in Shields
 57402 | Vaults:4 | Reached skill level 15 in Unarmed Combat
 57402 | Vaults:4 | Reached skill level 15 in Evocations
 58201 | Vaults:4 | Learned a level 7 spell: Haunt
 58366 | Depths:2 | Identified the of Gamiy
 58366 | Depths:3 | Identified the "Arphat"
 58366 | Elf:1    | Identified the "Liovy"
 58366 | Elf:1    | Entered Level 1 of the Elven Halls
 58514 | Elf:1    | Found a runed translucent gate.
 58514 | Elf:1    | Found a runed translucent gate.
 58516 | Elf:1    | Found a runed translucent gate.
 58518 | Elf:1    | Noticed Midpoint's ghost (adept HuSu)
 58586 | Elf:1    | Reached XP level 23. HP: 193/203 MP: 49/49
 59811 | Elf:1    | Found a viscous altar of Jiyva.
 59998 | Elf:2    | Identified the +3 spear "Zumiadis" {drain, rN+ Will+}
 60112 | Elf:2    | Reached skill level 16 in Ranged Weapons
 60211 | Elf:2    | Found a runed translucent gate.
 60212 | Elf:2    | Found a runed translucent gate.
 60212 | Elf:2    | Found a runed translucent gate.
 60382 | Elf:1    | Found a shimmering blue altar of Sif Muna.
 61668 | Elf:3    | Identified the "Jahuf"
 61668 | Elf:3    | Entered Level 3 of the Elven Halls
 62004 | Elf:3    | Found Icaff's Assorted Antiques.
 62149 | Elf:3    | Found Laish's Firing Range.
 62180 | Elf:3    | Noticed Zenata
 62205 | Elf:3    | Killed Zenata
 62217 | Elf:3    | Noticed Bai Suzhen
 62226 | Elf:3    | Killed Bai Suzhen
 62623 | Elf:3    | Identified the ring "Wucsioman" {rPois Str+6 Int+2}
 62950 | Elf:3    | Identified the ring "Wuja" {rF+ rCorr Int+6}
 63809 | Elf:3    | Reached XP level 24. HP: 208/208 MP: 48/48
 64195 | Depths:1 | Entered Level 1 of the Depths
 64207 | Depths:1 | Reached skill level 17 in Ranged Weapons
 64450 | Depths:1 | Found a magical portal.
 64499 | WizLab   | Entered Lehudib's Moon Base
 64629 | WizLab   | Paralysed by accursed screaming for 2 turns
 64798 | WizLab   | Learned a level 7 spell: Malign Gateway
 64891 | WizLab   | Gained mutation: You occasionally shout uncontrollably at
                  | your foes. [a neqoxec]
 65895 | WizLab   | Found a transporter.
 65975 | WizLab   | Found a transporter.
 65975 | WizLab   | Identified the ring of the Freezing God {+Blink Fly rElec
                  | rF+ Will+}
 66354 | Depths:1 | Found a one-way gate leading to the halls of Pandemonium.
 66719 | Depths:1 | Reached skill level 15 in Shapeshifting
 66781 | Depths:1 | Found a transporter.
 66793 | Depths:1 | Noticed Saint Roka
 66818 | Depths:1 | Killed Saint Roka
 67103 | Depths:1 | Identified the +12 war axe "Guerghom" {pain, rC- Str+8
                  | Dex+8}
 67222 | Depths:1 | Found a gateway to Hell.
 67654 | Depths:1 | Reached skill level 18 in Ranged Weapons
 67813 | Depths:2 | Identified the +4 morningstar of the Stork {venom, rF+
                  | Dex+3}
 68147 | Depths:2 | Reached skill level 15 in Conjurations
 68460 | Depths:2 | Reached XP level 25. HP: 219/219 MP: 44/49
 68601 | Depths:2 | Identified the +10 scale mail of Pathos {Str+2}
 68745 | Depths:2 | Identified the +8 morningstar "Leikeruh" {vamp, rElec rC+
                  | Dex+3}
 68866 | Depths:2 | Identified the +8 battleaxe "Intupp" {protect, Str+9}
 68873 | Depths:2 | Identified the +1 pair of gloves of Jasm {rElec rF- Int+2}
 69023 | Depths:2 | Found a one-way gate to the infinite horrors of the Abyss.
 69072 | Depths:2 | Found a one-way gateway to a ziggurat.
 69924 | Depths:2 | Identified the +4 dagger "Gita" {venom, rPois rF- Dex+5}
 70181 | Depths:2 | Identified the +6 quarterstaff "Wudavats" {pain, rCorr
                  | Str-4 Int+5}
 70412 | Depths:3 | Noticed a juggernaut
 70434 | Depths:3 | Killed a juggernaut
 71122 | Depths:4 | Entered Level 4 of the Depths
 71122 | Depths:4 | Noticed Ymesich's ghost (veteran HOGl)
 71122 | Depths:4 | Found a runed translucent gate.
 71122 | Depths:4 | Found a runed translucent gate.
 71122 | Depths:4 | Found a runed translucent gate.
 71428 | Depths:4 | Reached skill level 19 in Ranged Weapons
 71535 | Depths:4 | Found a gate to the Realm of Zot.
 71888 | Depths:4 | Found a sacrificial altar of Ru.
 71950 | Depths:4 | Learned a level 8 spell: Ignition
 72599 | Depths:4 | Killed Ymesich's ghost
 73811 | D:14     | Killed Roxanne
 74017 | Elf:1    | Killed Midpoint's ghost
 74323 | Vaults:5 | Entered Level 5 of the Vaults
 74325 | Vaults:5 | Reached XP level 26. HP: 229/229 MP: 46/50
 75140 | Vaults:5 | Noticed a dread lich
 75155 | Vaults:5 | Paralysed by a dread lich for 4 turns
 75159 | Vaults:5 | Killed a dread lich
 75242 | Vaults:5 | Reached skill level 20 in Ranged Weapons
 75248 | Vaults:5 | Reached skill level 15 in Hexes
 75248 | Vaults:5 | Reached skill level 15 in Summonings
 75248 | Vaults:5 | Reached skill level 15 in Necromancy
 75248 | Vaults:5 | Reached skill level 15 in Translocations
 75248 | Vaults:5 | Reached skill level 15 in Transmutations
 75248 | Vaults:5 | Reached skill level 15 in Fire Magic
 75248 | Vaults:5 | Reached skill level 15 in Ice Magic
 75248 | Vaults:5 | Reached skill level 15 in Air Magic
 75248 | Vaults:5 | Reached skill level 15 in Earth Magic
 75248 | Vaults:5 | Reached skill level 15 in Poison Magic
 76084 | Vaults:5 | Identified the ring of Zaungasm {Fly Int+3}
 76216 | Vaults:5 | Got a silver rune of Zot
 77087 | Vaults:5 | Identified the ring "Gaky" {MP+9 SInv}
 77285 | Vaults:5 | Identified the staff of Destiny {rF+++ Str-2 Stlth- Conj}
 77731 | Zot:3    | Identified the "Okiew"
 77731 | Zot:3    | Identified the "Nymahy"
 77731 | Zot:4    | Identified the of Laski
 77731 | Slime:1  | Entered Level 1 of the Pits of Slime
 77985 | Slime:3  | Reached XP level 27. HP: 146/235 MP: 31/50
 78212 | Slime:5  | Identified the "Qawiat"
 78212 | Slime:5  | Entered Level 5 of the Pits of Slime
 78520 | Slime:5  | Noticed the Royal Jelly
 78534 | Slime:5  | Killed the Royal Jelly
 78813 | Slime:5  | Identified the ring of Music {Drain rPois rN+++ Int-2 SInv}
 78813 | Slime:5  | Identified the +7 ring mail of Gubbif {rElec Int+2}
 78814 | Slime:5  | Identified the amulet "Acuopt" {RegenMP Harm Fly rElec}
 78814 | Slime:5  | Identified the +3 ring mail of Giczax {*Slow rF++ Int+7}
 78814 | Slime:5  | Identified the ring of Nobility {rCorr Str+4 SInv}
 79263 | Slime:5  | Got a slimy rune of Zot
 79863 | Lair:4   | Learned a level 8 spell: Disjunction
 79869 | Lair:4   | Learned a level 5 spell: Yara's Violent Unravelling
 80169 | Zot:1    | Entered Level 1 of the Realm of Zot
 80403 | Zot:1    | Reached skill level 21 in Ranged Weapons
 81032 | Zot:1    | Found the +4 dragonskin cloak
 81032 | Zot:1    | Noticed Tiamat
 81061 | Zot:1    | Killed Tiamat
 82808 | Zot:2    | Learned a level 5 spell: Irradiate
 84238 | Zot:3    | Found a runed translucent door.
 84540 | Zot:3    | Reached skill level 22 in Ranged Weapons
 85377 | Zot:3    | Found a glowing golden altar of the Shining One.
 85509 | Zot:3    | Noticed Ygyeth Femmu's ghost (veteran MiBe)
 85525 | Zot:3    | Killed Ygyeth Femmu's ghost
 86061 | Zot:4    | Identified the +2 sling of Uckam {antimagic, Int+9}
 86815 | Zot:4    | Acquired 901 gold pieces
 86832 | Zot:5    | Entered Level 5 of the Realm of Zot
 87355 | Zot:5    | Noticed a dread lich
 87366 | Zot:5    | Killed a dread lich
 87405 | Zot:5    | Noticed an ancient lich
 87428 | Zot:5    | Killed an ancient lich
 87607 | Zot:5    | Noticed an orb of fire
 87611 | Zot:5    | Noticed an orb of fire
 87613 | Zot:5    | Noticed an orb of fire
 87617 | Zot:5    | Gained mutation: You are dopey. (Int -2) [an orb of fire]
 87636 | Zot:5    | Killed an orb of fire
 87639 | Zot:5    | Killed an orb of fire
 87642 | Zot:5    | Gained mutation: You do not regenerate when monsters are
                  | visible. [an orb of fire]
 87652 | Zot:5    | Killed an orb of fire
 87670 | Zot:5    | Lost mutation: You occasionally shout uncontrollably at
                  | your foes. [potion of mutation]
 87670 | Zot:5    | Lost mutation: You are dopey. (Int -2) [potion of mutation]
 87670 | Zot:5    | Gained mutation: You are weak. (Str -2) [potion of
                  | mutation]
 87670 | Zot:5    | Gained mutation: Your body sometimes deteriorates upon
                  | taking damage. [potion of mutation]
 87671 | Zot:5    | Lost mutation: You are weak. (Str -2) [potion of mutation]
 87671 | Zot:5    | Lost mutation: Your body sometimes deteriorates upon taking
                  | damage. [potion of mutation]
 87671 | Zot:5    | Lost mutation: You do not regenerate when monsters are
                  | visible. [potion of mutation]
 87671 | Zot:5    | Gained mutation: Your system is resistant to poisons.
                  | (rPois) [potion of mutation]
 87671 | Zot:5    | Gained mutation: You are dopey. (Int -2) [potion of
                  | mutation]
 88089 | Zot:5    | Noticed a dread lich
 88098 | Zot:5    | Killed a dread lich
 88627 | Zot:5    | Noticed an orb of fire
 88632 | Zot:5    | Noticed a dread lich
 88635 | Zot:5    | Noticed a dread lich
 88636 | Zot:5    | Killed an orb of fire
 88637 | Zot:5    | Reached skill level 23 in Ranged Weapons
 88846 | Zot:5    | Noticed a dread lich
 88858 | Zot:5    | Killed a dread lich
 88858 | Zot:5    | Killed a dread lich
 88889 | Zot:5    | Noticed a dread lich
 88889 | Zot:5    | Noticed an orb of fire
 88892 | Zot:5    | Noticed a dread lich
 88917 | Zot:5    | Noticed an orb of fire
 88924 | Zot:5    | Gained mutation: You occasionally shout uncontrollably at
                  | your foes. [an orb of fire]
 88930 | Zot:5    | Killed an orb of fire
 89045 | Zot:4    | Gained mutation: You occasionally lose the ability to read
                  | scrolls when taking damage. [an orb of fire]
 89049 | Zot:4    | Gained mutation: You are very dopey. (Int -4) [an orb of
                  | fire]
 89049 | Zot:4    | Killed an orb of fire
 89183 | Zot:4    | Lost mutation: Your system is resistant to poisons. (rPois)
                  | [potion of mutation]
 89183 | Zot:4    | Lost mutation: You are very dopey. (Int -4) [potion of
                  | mutation]
 89183 | Zot:4    | Gained mutation: You are partially covered in iridescent
                  | scales. (AC +2) [potion of mutation]
 89183 | Zot:4    | Gained mutation: Your muscles are strong. (Str +4, Int/Dex
                  | -1) [potion of mutation]
 89184 | Zot:4    | Lost mutation: You occasionally lose the ability to read
                  | scrolls when taking damage. [potion of mutation]
 89184 | Zot:4    | Lost mutation: Your muscles are strong. (Str +4, Int/Dex
                  | -1) [potion of mutation]
 89184 | Zot:4    | Gained mutation: You occasionally lose the ability to drink
                  | potions when taking damage. [potion of mutation]
 89184 | Zot:4    | Gained mutation: Your spells are a little harder to cast,
                  | but a little more powerful. [potion of mutation]
 89184 | Zot:4    | Gained mutation: You have sharp toenails. [potion of
                  | mutation]
 89185 | Zot:4    | Lost mutation: You occasionally shout uncontrollably at
                  | your foes. [potion of mutation]
 89185 | Zot:4    | Lost mutation: You are dopey. (Int -2) [potion of mutation]
 89185 | Zot:4    | Lost mutation: You have sharp toenails. [potion of
                  | mutation]
 89185 | Zot:4    | Gained mutation: Your mind is acute. (Int +4, Str/Dex -1)
                  | [potion of mutation]
 89185 | Zot:4    | Gained mutation: You are mostly covered in iridescent
                  | scales. (AC +4) [potion of mutation]
 89186 | Zot:4    | Lost mutation: You are mostly covered in iridescent scales.
                  | (AC +4) [potion of mutation]
 89186 | Zot:4    | Lost mutation: You are partially covered in iridescent
                  | scales. (AC +2) [potion of mutation]
 89186 | Zot:4    | Gained mutation: You occasionally lose the ability to read
                  | scrolls when taking damage. [potion of mutation]
 89186 | Zot:4    | Gained mutation: Your muscles are strong. (Str +4, Int/Dex
                  | -1) [potion of mutation]
 89187 | Zot:4    | Lost mutation: Your muscles are strong. (Str +4, Int/Dex
                  | -1) [potion of mutation]
 89187 | Zot:4    | Lost mutation: You occasionally lose the ability to read
                  | scrolls when taking damage. [potion of mutation]
 89187 | Zot:4    | Gained mutation: Your body sometimes deteriorates upon
                  | taking damage. [potion of mutation]
 89187 | Zot:4    | Gained mutation: You are agile. (Dex +4, Str/Int -1)
                  | [potion of mutation]
 89187 | Zot:4    | Lost mutation: You are agile. (Dex +4, Str/Int -1) [potion
                  | of mutation]
 89187 | Zot:4    | Gained mutation: You have large cloven feet. [potion of
                  | mutation]
 89193 | Zot:5    | Killed a dread lich
 89287 | Zot:5    | Paralysed by a dread lich for 4 turns
 89298 | Zot:5    | Killed a dread lich
 89655 | Zot:5    | Killed a dread lich
 89746 | Zot:5    | Lost mutation: Your spells are a little harder to cast, but
                  | a little more powerful. [potion of mutation]
 89746 | Zot:5    | Lost mutation: Your body sometimes deteriorates upon taking
                  | damage. [potion of mutation]
 89746 | Zot:5    | Lost mutation: Your mind is acute. (Int +4, Str/Dex -1)
                  | [potion of mutation]
 89746 | Zot:5    | Gained mutation: You are agile. (Dex +4, Str/Int -1)
                  | [potion of mutation]
 89747 | Zot:5    | Lost mutation: You are agile. (Dex +4, Str/Int -1) [potion
                  | of mutation]
 89747 | Zot:5    | Lost mutation: You have large cloven feet. [potion of
                  | mutation]
 89747 | Zot:5    | Lost mutation: You occasionally lose the ability to drink
                  | potions when taking damage. [potion of mutation]
 89747 | Zot:5    | Gained mutation: You occasionally shout uncontrollably at
                  | your foes. [potion of mutation]
 89749 | Zot:5    | Got the Orb of Zot
 89919 | Depths:2 | Noticed Fiucrerch the pandemonium lord
 90219 | D:3      | Noticed Uwimaiq the pandemonium lord
 90255 | D:$      | Escaped with the Orb!

Illustrated notes

Levels and vault maps discovered:
D:1:      minmay_arrival_wavy_path, layout_loops_cross
D:2:      layout_loops_ring, kennysheep_generic_room_12
D:3:      layout_loops_ring, nemelex_diamond_rough_becter, uniq_robin,
          uniq_jessica
D:4:      layout_gridville, grunt_temple_overflow_octagram,
          portal_sewer_entry_e, minmay_misc_feat_secret_circle, st_stairs_4,
          uniq_natasha, uniq_eustachio
D:5:      layout_loops_ring, minmay_temple_entry_waves
D:6:      layout_basic, grunt_gozag_breadcrumbs, nicolae_overflow_crystal_walls,
          grunt_dithmenos_smoke, corexii_checkpoint, wad_rectangle_vault,
          uniq_edmund
D:7:      layout_basic, enter_bailey_5
D:8:      layout_cave_pods, fedhas_ov_isle_minmay,
          mainiacjoe_overflow_surrounded_room, minmay_between, uniq_maurice,
          uniq_joseph
D:9:      layout_basic, mainiacjoe_overflow_tiny_flanked
D:10:     layout_irregular_city, corexii_hall_statues_s, corner_web_ring
D:11:     cheibrodos_lost_city_excavation, layout_cave_pools,
          erik_lair_orcish_takeover, hex_large, hex_medium, roadster_trireme
D:12:     layout_rooms, erik_orc_4, minmay_bent
D:13:     layout_grid_maze, grunt_vaults_entry_tiered, serial_shops, shop,
          st_stairs_11, uniq_josephine, uniq_azrael
D:14:     layout_loops_ring, good_gods_mini_temple, kennysheep_donut,
          uniq_roxanne
D:15:     gammafunk_enter_depths_forms, layout_stronghold,
          minmay_misc_feat_room, minmay_rotating_lava
Temple:   hellmonk_temple_two_chambers
Lair:1:   layout_roguey, enter_volcano_4, st_stairs_6, gammafunk_lair_bear_cave,
          serial_bayou_shore_a, lemuel_fruit_tree
Lair:2:   layout_small_grid, alex1729_swamp_entry_worm_eleionoma,
          serial_bayou_pond_a, lemuel_fruit_fields, uniq_urug, uniq_maggie
Lair:3:   layout_roguey, nicolae_spider_entry_orb_guardian, special_room
          [special_room_bee], infiniplex_staircase_pool, uniq_rupert
Lair:4:   layout_concentric_octagons, slime_entry_1, gammafunk_ghost_arena
Lair:5:   minmay_lair_end_enchanted_forest, layout_loops_ring
Swamp:1:  layout_basic_swamp, infiniplex_staircase_pool_2, hangedman_swamp_grove
Swamp:2:  layout_basic_swamp, nicolae_swamp_stuck_in_the_mud
Swamp:3:  layout_falls_marsh, hangedman_swamp_ruin_wall, swamp_pool_1_2,
          nicolae_swamp_soggy_hallways, uniq_jorgrun
Swamp:4:  grunt_swamp_rune_castle, layout_basic_swamp, nicolae_swamp_long_stream
Spider:1: layout_spider_delve, special_room
Spider:2: layout_spider_delve, portal_ice_cave_entry_ice_statue_one,
          nicolae_spider_not_touching_you, uniq_agnes
Spider:3: layout_spider_delve
Spider:4: spider_rune_water, uniq_arachne, uniq_nikola
Slime:1:  layout_caves
Slime:2:  layout_caves
Slime:3:  layout_caves
Slime:4:  cheibrodos_slime_lost_civilization_3, layout_caves,
          cheibrodos_slime_lost_civilization_4
Slime:5:  slime_pit_nicolae_trefoil
Orc:1:    layout_diamond_mine, basic_altar, mines1_david, uniq_sonja
Orc:2:    grunt_orc_gardens, layout_diamond_mine, grunt_orc_garden,
          grunt_orc_garden, grunt_orc_garden, grunt_orc_garden
Elf:1:    eino_elf_arrival_sip, layout_loops_corners, gammafunk_ghost_ooze,
          minmay_elf_sorcery, feat_on_display, lemuel_upstairs_altar
Elf:2:    nicolae_elf_blades_crystal_corner, layout_gridlike
Elf:3:    minmay_elf_hall_x, layout_geoelf_grid, serial_shops, shop,
          nicolae_elf_big_sculpture_1, minivault_24, drop_trap,
          nicolae_shop_firing_range, uniq_zenata, uniq_bai_suzhen
Vaults:1: v_rooms_6, nicolae_vaults_closet_pinwheel_5, nicolae_vaults_arrows,
          vaults_dpeg_spiral, vaults_dpeg_encased_lava,
          nicolae_vaults_storage_room_statues, st_diamondy,
          nicolae_vaults_tetromino_T_1, nicolae_vaults_surprise_closet,
          vaults_room_hallway, vaults_room_ringed_pool,
          nicolae_vaults_double_plus_1, layout_vaults_maze_snakey, serial_shops,
          nicolae_shop_overgrown_old_shop
Vaults:2: v_rooms_4, grunt_vaults_hallway_short, hangedman_vaults_hat,
          nicolae_vaults_enemy_cabinets, nicolae_vaults_tetromino_T_2,
          v_pattern_4, nicolae_vaults_alarming, vaults_room_stairs_pillars,
          nicolae_vaults_double_plus_2, nicolae_vaults_mini_display_case,
          layout_vaults_chaotic_city, serial_shops,
          nicolae_shop_just_a_little_nook, shop, nicolae_shop_gaudy_bauble, shop
Vaults:3: v_misc_30, minmay_crypt_entry_simple_corners,
          ontoclasm_vaults_gateway, v_misc_1, nicolae_vaults_diamond_1,
          nicolae_vaults_little_ls, nicolae_vaults_trapezoid_2,
          nicolae_vaults_meiosis, nicolae_vaults_specimen_jars,
          layout_vaults_omnigrid, serial_shops, shop, uniq_frederick
Vaults:4: vaults_room_fours, nicolae_vaults_closet_pinwheel_6,
          nicolae_vaults_inception_corners, vaults_room_door_hall,
          vaults_dpeg_diagonal, hangedman_vaults_impose, minmay_orc_keep,
          ontoclasm_vaults_ring_square, hangedman_vaults_locks,
          nicolae_vaults_trapezoid_lopsided_3, nicolae_vaults_lightning_bolt,
          nicolae_vaults_double_plus_1, layout_vaults_omnibox, serial_shops,
          shop_fountains, serial_hangedman_research,
          hangedman_research_convocations, hangedman_research_probablistics,
          hangedman_research_electronics
Vaults:5: serial_shops, uniq_margery
Depths:1: layout_basic, mu_enter_wizlab_6, pf_coc_iceberg, abandoned_shop,
          rand_demon_pan_entry_1, nicolae_diode_basic, grunt_megastairs_5,
          uniq_saint_roka
Depths:2: minmay_heptahexagon, layout_gridlike, enter_ziggurat_a,
          grunt_hell_horde, chequers_serial_rivers_small_b, pan_entry,
          abyss_entry, kennysheep_underground_church,
          infiniplex_staircase_zigzag_4, firewood_loft
Depths:3: minmay_curly_fans, layout_gridlike, hangedman_abyss_entry_splay,
          rand_demon_pan_entry_4, nicolae_twisty_statue_hallways, hell_entry,
          nicolae_lava_and_water, lemuel_another_geyser, minmay_staircase_bubble
Depths:4: evilmike_zot_entry_basic, layout_cave_pools, pan_entry, hell_entry,
          biasface_ghost_demon_polymorph, nicolae_ru_sacrificial_ziggurat
Zot:1:    layout_cellular_growth, uniq_tiamat
Zot:2:    layout_onion, bh_zot_ikea_curve
Zot:3:    nicolae_zot_draconian_monastery, layout_basic,
          ebering_ghost_reflecting_pool, uniq_josephina
Zot:4:    layout_gridlike, st_single_dragon_hoard_1
Zot:5:    layout_misc_corridors

Skill      XL: |  1  2  3  4  5  6  7  8  9 10 11 12 13 14 15 16 17 18 19 20 21 22 23 24 25 26 27 |
---------------+----------------------------------------------------------------------------------+-----
Spellcasting   | 5 6 7 8 9 10 11 12 13 14 15 16 17 18 20 | 20.2
Invocations    | 1 2 3 4 5 6 7 8 9 10 11 12 13 14 15 16 17 18 19 22 | 22.0
Long Blades    | 1 2 3 4 6 7 8 9 10 11 12 13 14 15 16 17 18 21 | 21.8
Axes           | 1 2 3 4 6 7 8 9 10 11 12 13 14 15 16 17 19 | 19.7
Maces & Flails | 1 2 3 4 6 7 8 9 10 11 12 13 14 15 16 17 19 | 19.7
Polearms       | 1 2 3 4 6 7 8 9 10 11 12 13 14 15 16 17 19 | 19.7
Staves         | 1 2 3 4 6 7 8 9 10 11 12 13 14 15 16 17 19 | 19.7
Ranged Weapons | 1 2 3 4 6 7 8 9 10 11 12 13 14 15 16 18 19 20 23 | 23.4
Throwing       | 1 2 3 4 6 7 8 9 10 11 12 13 14 15 16 17 19 | 19.7
Armour         | 1 2 3 4 6 7 8 9 10 11 12 13 14 15 16 17 19 | 19.7
Stealth        | 1 2 3 4 6 7 8 9 10 11 12 13 14 15 16 17 19 | 19.7
Shields        | 1 2 3 4 6 7 8 9 10 11 12 13 14 15 16 17 19 | 19.7
Unarmed Combat | 1 2 3 4 6 7 8 9 10 11 12 13 14 15 16 17 19 | 19.7
Evocations     | 1 2 3 4 6 7 8 9 10 11 12 13 14 15 16 17 19 | 19.7
Shapeshifting  | 1 2 3 4 5 6 7 8 9 10 11 12 13 14 15 16 18 | 18.2
Hexes          | 1 2 3 4 5 6 7 8 9 10 11 12 13 14 15 16 | 16.8
Summonings     | 1 2 3 4 5 6 7 8 9 10 11 12 13 14 15 16 | 16.8
Necromancy     | 1 2 3 4 5 6 7 8 9 10 11 12 13 14 15 16 | 16.8
Translocations | 1 2 3 4 5 6 7 8 9 10 11 12 13 14 15 16 | 16.8
Transmutations | 1 2 3 4 5 6 7 8 9 10 11 12 13 14 15 16 | 16.8
Fire Magic     | 1 2 3 4 5 6 7 8 9 10 11 12 13 14 15 16 | 16.8
Ice Magic      | 1 2 3 4 5 6 7 8 9 10 11 12 13 14 15 16 | 16.8
Air Magic      | 1 2 3 4 5 6 7 8 9 10 11 12 13 14 15 16 | 16.8
Earth Magic    | 1 2 3 4 5 6 7 8 9 10 11 12 13 14 15 16 | 16.8
Poison Magic   | 1 2 3 4 5 6 7 8 9 10 11 12 13 14 15 16 | 16.8
Fighting       | 5 6 7 8 9 10 11 12 13 14 15 16 17 18 20 | 20.1
Dodging        | 5 6 7 8 9 10 11 12 13 14 15 16 17 18 20 | 20.1
Short Blades   | 7 8 9 10 11 12 13 14 15 16 17 18 20 | 20.5
Conjurations   | 6 7 8 9 10 11 12 13 14 15 16 17 | 17.6

Action                     |  1- 3 |  4- 6 |  7- 9 | 10-12 | 13-15 | 16-18 | 19-21 | 22-24 | 25-27 || total
---------------------------+-------+-------+-------+-------+-------+-------+-------+-------+-------++-------
  Melee: Short sword       |   105 |       |       |       |       |       |       |       |       ||   105
         Bite              |     9 |     2 |    20 |    59 |   124 |    24 |   110 |   189 |   287 ||   824
         Punch             |     1 |     1 |     3 |     2 |       |       |       |       |       ||     7
         Flail             |    20 |   122 |   231 |   413 |    33 |       |       |       |       ||   819
         Spear             |       |       |    12 |       |       |       |       |       |       ||    12
         Glaive            |       |       |       |       |  1010 |    31 |       |       |       ||  1041
         Staff             |       |       |       |       |       |   107 |   632 |   439 |       ||  1178
         Unarmed           |       |       |       |       |       |     6 |       |       |       ||     6
         Broad axe         |       |       |       |       |       |       |       |   520 |  1646 ||  2166
         Demon whip        |       |       |       |       |       |       |       |    49 |       ||    49
   Fire: Hand cannon       |       |       |       |       |     3 |       |       |       |       ||     3
  Throw: Dart              |       |       |       |    15 |    16 |       |       |       |       ||    31
         Javelin           |       |       |       |       |       |       |       |       |     1 ||     1
   Cast: Kiss of Death     |     2 |       |     4 |    10 |     4 |       |       |       |       ||    20
         Hailstorm         |       |     2 |     1 |    10 |    11 |       |       |       |       ||    24
         Momentum Strike   |       |       |     3 |    12 |     2 |       |       |       |       ||    17
         Summon Lightning  |       |       |       |     7 |    65 |     8 |     3 |       |       ||    83
         Cause Fear        |       |       |       |     2 |       |       |       |       |       ||     2
         Summon Forest     |       |       |       |       |    35 |     4 |     1 |     1 |     2 ||    43
         Plasma Beam       |       |       |       |       |    17 |   138 |   408 |   124 |    13 ||   700
         Stone Arrow       |       |       |       |       |       |     9 |    54 |    71 |       ||   134
         Starburst         |       |       |       |       |       |     6 |    51 |    74 |     4 ||   135
         Eringya's Noxious |       |       |       |       |       |       |    15 |     6 |    14 ||    35
         Haunt             |       |       |       |       |       |       |       |    32 |    25 ||    57
         Malign Gateway    |       |       |       |       |       |       |       |     6 |    33 ||    39
         Ignition          |       |       |       |       |       |       |       |       |    76 ||    76
         Yara's Violent Un |       |       |       |       |       |       |       |       |     1 ||     1
 Invoke: Curse Item        |       |       |     3 |     3 |     5 |     1 |     6 |     2 |     4 ||    24
         Shatter the Chain |       |       |       |     1 |     2 |     1 |     4 |     2 |     4 ||    14
  Evoke: Wand              |       |       |       |    12 |    11 |     4 |    15 |    10 |    17 ||    69
         Phial of floods   |       |       |       |       |       |     1 |     1 |     2 |     1 ||     5
         Condenser vane    |       |       |       |       |       |       |       |     1 |       ||     1
         Sack of spiders   |       |       |       |       |       |       |       |       |     1 ||     1
    Use: Scroll            |       |     3 |     2 |     2 |       |       |     7 |    11 |    18 ||    43
         Potion            |       |       |     6 |     2 |     1 |     2 |     1 |     2 |    26 ||    40
   Stab: Sleeping          |     1 |     1 |     2 |     4 |     3 |       |     1 |    18 |    20 ||    50
         Invisible         |       |       |     3 |       |     1 |       |       |       |     2 ||     6
         Distracted        |       |       |     1 |     1 |    19 |     2 |     4 |    17 |    20 ||    64
         Paralysed         |       |       |       |       |     2 |       |    36 |     6 |     4 ||    48
         Held in net/web   |       |       |       |       |       |       |       |       |     2 ||     2
 Armour: Leather armour    |    51 |    33 |       |       |       |       |       |       |       ||    84
         Ring mail         |       |    58 |   134 |    77 |       |       |       |       |       ||   269
         Chain mail        |       |       |       |   303 |   606 |   150 |   448 |   461 |       ||  1968
         Troll leather arm |       |       |       |       |       |       |       |   130 |    93 ||   223
         Scale mail        |       |       |       |       |       |       |       |       |  1180 ||  1180
  Dodge: Dodged            |    67 |    76 |   125 |   236 |   462 |    77 |   263 |   422 |  1012 ||  2740
  Block: Other             |       |     6 |    73 |     6 |   189 |    13 |       |       |       ||   287
         Reflection        |       |       |     4 |     5 |     9 |     9 |    19 |    69 |    44 ||   159
         Orb               |       |       |       |    82 |     5 |       |       |       |       ||    87
         Buckler           |       |       |       |       |       |    35 |   321 |       |       ||   356
         Kite shield       |       |       |       |       |       |       |    80 |   809 |  1680 ||  2569

Table legend: (Time is in decaauts)
 A = Elapsed time spent in this place.
 B = Non-inter-level travel time spent in this place.
 C = Inter-level travel time spent in this place.
 D = Time resting spent in this place.
 E = Time spent auto-exploring this place.
 F = Levels seen in this place.
 G = Mean time per level.
                   A        B        C        D        E       F      G
               +--------+--------+--------+--------+--------+-----+--------+
         Total |  90477 |  84061 |   6416 |  12586 |  52215 |  57 | 1587.3 |
       Dungeon |  21824 |  19492 |   2332 |   2334 |  12630 |  15 | 1454.9 |
        Temple |     18 |      1 |     17 |      0 |      0 |   1 |   18.0 |
          Lair |   8763 |   7721 |   1042 |   1042 |   5042 |   5 | 1752.6 |
         Swamp |   7294 |   6843 |    451 |   1984 |   3763 |   4 | 1823.5 |
   Spider Nest |   8362 |   7961 |    401 |   1699 |   4921 |   4 | 2090.5 |
    Slime Pits |   2137 |   2046 |     91 |    610 |    920 |   5 |  427.4 |
  Orcish Mines |   2143 |   2002 |    141 |      0 |   1529 |   2 | 1071.5 |
   Elven Halls |   5775 |   5210 |    565 |    389 |   3486 |   3 | 1925.0 |
        Vaults |  12570 |  11916 |    654 |    604 |   8684 |   5 | 2514.0 |
        Depths |   7979 |   7573 |    406 |   2234 |   3558 |   4 | 1994.8 |
           Zot |   9558 |   9245 |    313 |    776 |   5826 |   5 | 1911.6 |
         Sewer |    375 |    375 |      0 |      0 |    220 |   1 |  375.0 |
      Ice Cave |   1320 |   1320 |      0 |    507 |    488 |   1 | 1320.0 |
       Volcano |    621 |    621 |      0 |    388 |      0 |   1 |  621.0 |
        Wizlab |   1733 |   1733 |      0 |     18 |   1146 |   1 | 1733.0 |
               +--------+--------+--------+--------+--------+-----+--------+

Top non-repeatable levels by time:
Vaults:5: 3169 daAuts
Spider:3: 2970 daAuts
   Zot:3: 2915 daAuts
Vaults:1: 2704 daAuts
   Zot:5: 2690 daAuts
    D:15: 2673 daAuts
  Lair:1: 2478 daAuts
Vaults:4: 2471 daAuts
Depths:1: 2450 daAuts
Depths:3: 2392 daAuts
   Elf:3: 2383 daAuts
    D:13: 2342 daAuts
    D:14: 2322 daAuts
 Swamp:1: 2277 daAuts
    D:11: 2275 daAuts
